Map: [ESL] NeoHumanity

Players

Serral - Winner!

  • Race: Zerg Zerg
  • League: Diamond
  • Spawn Location: 5:00

GuMiho

  • Race: Terran Terran
  • Spawn Location: 11:00

Event: ESL SC2 Masters 2023 Summer (Finals)

VOD

Have the link to the VOD?

Description

Time

  • Played on: June 18, 2023, 1:56 p.m.
  • Length: 6:43

All games in this series

Show
View Real Time Build Order
Export as new Build Order

Serral Zerg - Winner!

Build Orders: Hatch First 

Get SALT Encoding   

  12  0:00  Drone  
  13  0:08  Drone  
  14  0:14  Extractor, Drone  
  15  0:37  Hatchery  
  15  0:42  Extractor, Drone  
  14  0:48  Overlord  
  15  1:02  Spawning Pool  
  14  1:06  Drone  
  14  1:09  Drone  
  16  1:13  Drone  
  16  1:17  Drone  
  18  1:26  Extractor  
  18  1:28  Drone  
  18  1:39  Drone  
  19  1:48  Queen x2  
  23  1:54  Drone  
  23  1:57  Drone  
  25  2:02  Overlord  
  25  2:03  Drone  
  26  2:11  Drone x2  
  28  2:22  Drone x2  
  30  2:27  Spore Crawler  
  30  2:28  Queen  
  31  2:30  Queen  
  31  2:33  Drone  
  31  2:36  Overlord  
  35  2:42  Drone  
  35  2:43  Overlord  
  36  2:55  Drone  
  36  2:57  Drone  
  36  2:58  Drone x3  
  41  3:00  Drone x3  
  44  3:06  Lair  
  44  3:15  Drone, Roach Warren  
  44  3:26  Hatchery  
  43  3:27  Drone  
  43  3:31  Drone x3  
  47  3:34  Extractor  
  47  3:35  Drone x2  
  47  3:40  Drone, Overlord  
  49  3:44  Overlord  
  49  3:48  Drone  
  50  3:49  Extractor  
  50  3:50  Overlord  
  51  3:55  Roach  
  51  4:00  Roach x3  
  57  4:03  Roach  
  57  4:07  Glial Reconstitution  
  59  4:13  Drone  
  59  4:16  Roach x2  
  64  4:21  Overlord  
  64  4:24  Overlord  
  64  4:25  Hatchery  
  64  4:28  Roach  
  64  4:29  Roach  
  65  4:31  Overseer  
  65  4:39  Overlord  
  69  4:45  Roach x2  
  69  4:46  Roach  
  71  4:53  Drone x2  
  71  4:56  Overlord  
  74  5:00  Drone x2  
  74  5:03  Roach  
  74  5:06  Overlord  
  77  5:09  Roach x3  
  83  5:14  Overlord  
  83  5:17  Ravager x3  
  83  5:19  Drone  
  83  5:20  Drone  
  83  5:21  Unknown, Drone x2  
  91  5:28  Roach  
  91  5:33  Roach  
  93  5:36  Roach x3  
  93  5:40  Drone x2  
  101  5:55  Roach  
  101  5:56  Roach x4  
  105  5:59  Drone x2  
  105  6:02  Drone, Ravager  
  105  6:03  Ravager, Overseer  
  108  6:10  Drone x3  
  111  6:13  Drone x5  
  111  6:16  Overlord  
  114  6:20  Ravager  
  114  6:21  Ravager x2  
Show
View Real Time Build Order
Export as new Build Order

GuMiho Terran 

Build Orders: Gas First Reaper Expand 

Get SALT Encoding   

  12  0:00  SCV  
  13  0:12  SCV  
  14  0:18  Supply Depot  
  14  0:24  SCV  
  14  0:28  Refinery  
  15  0:39  SCV  
  16  0:45  Barracks  
  16  0:51  SCV  
  17  1:04  SCV  
  18  1:16  SCV  
  19  1:31  Reaper  
  19  1:32  Orbital Command  
  20  1:41  Command Center  
  20  1:51  Factory  
  20  1:57  SCV  
  20  2:01  Refinery  
  21  2:05  Barracks Reactor  
  21  2:09  SCV  
  21  2:12  Supply Depot  
  22  2:21  SCV  
  23  2:34  SCV  
  26  2:37  Hellion  
  26  2:40  Starport  
  26  2:42  Marine x2  
  28  2:46  SCV  
  29  2:54  Orbital Command  
  31  2:58  Widow Mine, SCV  
  31  3:00  Marine  
  31  3:01  Marine  
  34  3:10  SCV  
  35  3:17  Marine, Medivac  
  35  3:19  Marine  
  39  3:20  Factory Tech Lab  
  39  3:22  SCV  
  39  3:25  SCV  
  41  3:28  Supply Depot  
  41  3:34  SCV  
  42  3:37  SCV  
  42  3:38  Marine x2  
  45  3:47  Supply Depot  
  45  3:49  Siege Tank  
  45  3:51  Viking  
  45  3:52  SCV  
  45  3:53  SCV  
  52  3:57  Refinery  
  52  3:58  Marine  
  52  3:59  Marine  
  54  4:08  SCV x2  
  56  4:10  Supply Depot  
  56  4:11  Supply Depot  
  56  4:16  Marine  
  56  4:17  Marine  
  57  4:20  SCV x2  
  60  4:29  Liberator  
  61  4:33  SCV x2  
  63  4:39  Supply Depot  
  63  4:43  Marine x2  
  63  4:45  SCV x2, Siege Tank  
  70  5:00  SCV x2  
  70  5:01  Marine x2, Command Center  
  74  5:12  SCV x2  
  76  5:15  Medivac  
  76  5:17  Siege Tank  
  76  5:20  Marine  
  82  5:26  Barracks  
  82  5:27  Barracks x2  
  82  5:31  Marine, Engineering Bay  
  79  5:37  Marine  
  79  5:40  SCV x2  
  82  5:49  Marine, Siege Tank  
  83  5:55  Marine  
  71  5:58  SCV x2  
  71  6:00  Starport Reactor  
  69  6:07  Marine  
  69  6:10  SCV x2  
  72  6:13  Marine  
  72  6:22  SCV x2  
  72  6:25  Marine  
  74  6:36  Barracks Tech Lab x3  
Tags
 
Add a new tag
Caveats
  • Supply blocks, unpowered buildings, or Contaminate may cause inaccurate times.
  • Supply counts are checked every 10 seconds.